 Dungeon Crawl Stone Soup version 0.28-a0-655-g4eb62b627b (webtiles) character file.

Game seed: 17661741751738953991

81030 rogsnak the Thaumaturge (level 15, -1/115 HPs)
             Began as a Gnoll Hedge Wizard on Oct 11, 2021.
             Was the Champion of Okawaru.
             Succumbed to a redback's poison
             ... in a Gauntlet on Oct 13, 2021.
             The game lasted 02:12:53 (30549 turns).

rogsnak the Thaumaturge (Gnoll Hedge Wizard)       Turns: 30549, Time: 02:12:53

Health: -1/115     AC: 15    Str: 14    XL:     15   Next: 69%
Magic:  29/31      EV: 17    Int: 24    God:    Okawaru [******]
Gold:   1741       SH:  0    Dex: 16    Spells: 20/38 levels left

rFire   + . .      SeeInvis .   e - +12 glaive of Prune {vorpal}
rCold   . . .      Faith    +   (shield currently unavailable)
rNeg    . . .      Spirit   .   J - +0 troll leather armour
rPois   .          Reflect  .   E - +0 helmet of Wepud {Dex+4}
rElec   .          Harm     .   n - +2 cloak {Will+}
rCorr   .          Rampage  .   l - +1 pair of gloves {Str+3}
Will    ++...      NoTele   +   m - +1 pair of boots {Stlth+}
Stlth   ++++++....              h - amulet of faith
HPRegen 1.29/turn               T - ring of protection from fire
MPRegen 0.22/turn               L - +6 ring of intelligence

@: lethally poisoned (-1 -> -124)
A: fangs 1, strong nose, distributed training
a: Renounce Religion, Heroism, Finesse, Duel


You were in a Gauntlet.
You worshipped Okawaru.
Okawaru was exalted by your worship.
You visited 4 branches of the dungeon, and saw 20 of its levels.
You also visited: Gauntlet, Ice Cave and Volcano.

You collected 1841 gold pieces.
You spent 100 gold pieces at shops.

Inventory:

Hand Weapons
 e - the +12 glaive of Prune (weapon) {vorpal}
   (You found it on level 15 of the Dungeon)

   It inflicts extra damage upon your enemies.
 q - a +2 hand crossbow of freezing
 u - a +0 demon whip of venom
 y - a +1 hand axe of electrocution
 F - a +2 short sword of venom
 V - a +2 triple sword of freezing
Missiles
 f - 62 poisoned darts (quivered)
 j - 241 bolts
 I - 5 curare-tipped darts
Armour
 l - a +1 pair of gloves of strength (worn)
 m - a +1 pair of boots of stealth (worn)
 n - a +2 cloak of willpower (worn)
 E - the +0 helmet of Wepud (worn) {Dex+4}
   (You found it on level 4 of the Dungeon)

   Dex:       It affects your dexterity (+4).
 H - a +2 leather armour of resistance
 J - a +0 troll leather armour (worn)
 X - a +0 buckler of cold resistance
Magical Staves
 B - a staff of air
Jewellery
 h - an amulet of faith (around neck)
 C - a ring of protection from cold
 L - a +6 ring of intelligence (right hand)
 T - a ring of protection from fire (left hand)
Wands
 d - a wand of iceblast (20)
 z - a wand of polymorph (22)
 K - a wand of mindburst (12)
 O - a wand of flame (17)
 P - a wand of paralysis (22)
 W - a wand of acid (14)
Scrolls
 o - 4 scrolls of blinking
 A - 2 scrolls of fear
 Q - a scroll of fog
 Y - 3 scrolls of holy word
Potions
 a - 2 potions of brilliance
 c - 2 potions of invisibility
 i - 2 potions of might
 k - 3 potions of cancellation
 s - a potion of haste
 t - 6 potions of heal wounds
 v - 3 potions of magic
 w - 2 potions of ambrosia
 D - 5 potions of mutation {unknown}
 N - 4 potions of curing
 U - a potion of flight
Miscellaneous
 x - a tin of tremorstones (2/2)
 S - a phial of floods


   Skills:
 + Level 10.3 Fighting
 + Level 10.3 Short Blades
 + Level 10.3 Long Blades
 + Level 10.3 Axes
 + Level 10.3 Maces & Flails
 + Level 10.3 Polearms
 + Level 10.3 Staves
 + Level 10.3 Slings
 + Level 10.3 Bows
 + Level 10.3 Crossbows
 + Level 10.3 Throwing
 + Level 10.3 Armour
 + Level 11.2 Dodging
 + Level 11.1 Stealth
 + Level 10.3 Shields
 + Level 10.3 Unarmed Combat
 + Level 12.4 Spellcasting
 + Level 8.9 Conjurations
 + Level 8.6 Hexes
 + Level 8.9 Summonings
 + Level 8.6 Necromancy
 + Level 8.9 Translocations
 + Level 8.6 Transmutations
 + Level 8.6 Fire Magic
 + Level 8.6 Ice Magic
 + Level 8.6 Air Magic
 + Level 8.6 Earth Magic
 + Level 8.6 Poison Magic
 + Level 11.2 Invocations
 + Level 10.3 Evocations


You had 20 spell levels left.
You knew the following spells:

 Your Spells              Type           Power      Damage    Failure   Level
a - Magic Dart            Conj           100%       1d8       1%          1
b - Blink                 Tloc           N/A        N/A       1%          2
c - Mephitic Cloud        Conj/Pois/Air  54%        N/A       1%          3
d - Stone Arrow           Conj/Erth      100%       3d13      1%          3
e - Airstrike             Air            27%        N/A       1%          4
f - Freezing Cloud        Conj/Ice/Air   27%        6-21      3%          5

Your spell library contained the following spells:

 Spells                   Type           Power      Damage    Failure   Level
 Foxfire                  Conj/Fire      100%       2x1d9     1%          1
 Sandblast                Erth           100%       2d20      1%          1
 Shock                    Conj/Air       100%       1d9       1%          1
 Corpse Rot               Necr/Air       N/A        N/A       1%          2
 Passwall                 Tmut/Erth      45%        N/A       1%          2
 Poisonous Vapours        Pois/Air       100%       N/A       1%          2
 Slow                     Hex            54%        N/A       1%          2
 Conjure Flame            Conj/Fire      55%        6-21      1%          3
 Ignite Poison            Fire/Tmut/Pois 54%        N/A       1%          3
 Inner Flame              Hex/Fire       54%        N/A       1%          3
 Ozocubu's Armour         Ice            54%        N/A       1%          3
 Spider Form              Tmut/Pois      27%        N/A       1%          3
 Swiftness                Air            54%        N/A       1%          3
 Dispel Undead            Necr           54%        3d20      1%          4
 Flame Wave               Conj/Fire      55%        3d10      1%          4
 Ice Form                 Ice/Tmut       54%        N/A       1%          4
 Passage of Golubria      Tloc           N/A        N/A       1%          4
 Alistair's Intoxication  Tmut/Pois      36%        N/A       3%          5
 Silence                  Hex/Air        27%        N/A       3%          5
 Invisibility             Hex            27%        N/A       22%         6
 Ozocubu's Refrigeration  Ice            27%        4d10      75%         7
 Borgnjor's Revivificati  Necr           27%        N/A       100%        8
 Lehudib's Crystal Spear  Conj/Erth      27%        10d7      100%        8
 Necromutation            Tmut/Necr      27%        N/A       100%        8
 Death's Door             Necr           27%        N/A       100%        9
 Polar Vortex             Ice            27%        N/A       100%        9
 Call Imp                 Summ           Unusable   N/A       N/A         2
 Death Channel            Necr           Unusable   N/A       N/A         6
 Simulacrum               Ice/Necr       Unusable   N/A       N/A         6

Dungeon Overview and Level Annotations

Branches:
Dungeon (15/15)            Temple (1/1) D:5            Lair (2/6) D:9
 Shoals (0/4) Lair:2          Orc (2/2) D:9             Elf (0/3) Orc:2
 Vaults (0/5) D:14         Depths (0/4) D:15          IceCv (visited)
Volcano (visited)         Gauntlet (1/1)
  Snake: Lair:2-4    Spider: Lair:2-4

Altars:
Ashenzari
Cheibriados
Dithmenos
Elyvilon
Fedhas
Gozag
Hepliaklqana
Kikubaaqudgha
Makhleb
Nemelex Xobeh
Okawaru
Qazlal
Ru
Sif Muna
Trog
Uskayaw
Vehumet
Wu Jian
Xom
Yredelemnul
Zin
The Shining One

Shops:
D:6 =:[   D:15 ((!:

Portals:
Trove: D:15 (give 20 potions of curing)

Annotations:
D:11 hard wall - cache?
D:15 2 transporters, Piusagh's ghost, novice FoAK
Lair:2 exclusion: oklob plant Gauntlet 9 transporters


Innate Abilities, Weirdness & Mutations

You have very sharp teeth.
Your uncanny sense of smell can sniff out nearby items.
Your experience applies equally to all skills.


Message History

The wolf spider hits you but does no damage.
The wolf spider bites you but does no damage.
You slice the wolf spider!!
You kill the wolf spider!
Okawaru accepts your kill. The redback closely misses you.
The redback barely misses you.
Unknown command.
You barely miss the redback. The redback bites you! The redback bites you.
You closely miss the redback. The redback barely misses you.
The redback closely misses you.
The redback bites you but does no damage. x2
You hit the redback.
The redback is moderately wounded.
The redback barely misses you. The redback bites you!
You are poisoned.
The redback poisons you!
The redback bites you but does no damage.
The redback misses you.
You barely miss the redback.
The redback is lightly wounded.
You feel extremely sick. The redback bites you.
You are more poisoned.
The redback poisons you! The redback bites you! The redback bites you.
You are more poisoned.
The redback poisons you!
You slash the redback!
The redback is severely wounded.
You feel extremely sick. The redback bites you!
* * * LOW HITPOINT WARNING * * *
The redback bites you.
* * * LOW HITPOINT WARNING * * *
You are more poisoned.
The redback poisons you! The redback misses you.
Unknown command.
Casting: Freezing Cloud (dangerous; 3% risk of failure)
Confirm with . or Enter, or press ? or * to list all spells.
You feel jittery for a moment.
You die...

#≈≈.#########...#≈≈≈#
##≈....#©..8#...#...#
##..8.#...©#.8.#....
##≈....#©..8#.⌠.#.8.#
#≈≈.#########.8.#.©.#
##≈.#..?©.=.#...#.8..
##.#....##.#...#.©.#
##≈.#..##†#.#.8.#.8.#
#≈≈.#..#@.#.#.∩.#.©..
##≈.#.#ss##.#.8.#.8.#
##.#.####..#...#.©.#
##≈.#.......#...#.8..
#≈≈.#########.8.#.©.#
##≈....#©..8#.⌠.#.8.#
##..8.#...©#.8.#....
##≈....#©..8#...#...#
#≈≈.#########...#≈≈≈#


You could see 2 redbacks.

Vanquished Creatures
  Gastronok (Lair:1)
  Kirke (D:15)
  A frost giant (IceCv)
  2 ettins
  A yaktaur captain (D:12)
  Harold (Lair:2)
  3 vault guards
  A boulder beetle (D:13)
  2 hydras
  2 ogre magi (D:15)
  7 centaur warriors
  Erica (D:10)
  4 two-headed ogres
  6 death yaks (IceCv)
  2 tengu warriors
  Urug (D:10)
  A hell knight (Volcano)
  Nergalle (Lair:1)
  3 skeletal warriors
  Sonja (Lair:1)
  6 orc knights
  A lindwurm (Lair:1)
  A wizard (D:15)
  5 deep elf pyromancers
  4 deep elf zephyrmancers (D:15)
  11 ugly things
  3 orc sorcerers (Orc:1)
  3 wolf spiders
  An orb spider (shapeshifter) (D:13)
  3 manticores
  A worldbinder (Gauntlet)
  8 cyclopes
  Maurice (D:10)
  2 salamanders (Volcano)
  Joseph (D:10)
  4 molten gargoyles
  A black mamba (Lair:2)
  A torpor snail (Lair:2)
  An unseen horror (D:12)
  3 gargoyles (Volcano)
  An ice statue (IceCv)
  An unseen horror (shapeshifter) (D:13)
  A rime drake (IceCv)
  3 tengu conjurers
  A rime drake (shapeshifter) (D:12)
  An efreet (Volcano)
  3 komodo dragons
  2 meliai
  A queen bee (shapeshifter) (D:14)
  3 trolls
  9 polar bears (IceCv)
  A merfolk (D:15)
  Grinder (D:4)
  9 slime creatures
  A hornet (D:8)
  A vampire (D:13)
  50 yaks
  A shadow (D:14)
  2 wraiths
  A hog (D:15)
  A wyvern (D:9)
  2 basilisks
  13 humans
  2 steam dragons
  2 death yak simulacra (D:13)
  12 vampire mosquitoes
  2 swamp worms (Gauntlet)
  3 wargs
  An acid dragon (D:14)
  3 water moccasins
  5 sky beasts
  25 orc warriors
  3 black bears
  A hornet zombie (D:5)
  2 ice beasts
  7 boggarts
  5 ogres
  4 necrophages
  27 wolves
  9 centaurs
  8 bullfrogs
  3 kobold brigands
  2 two-headed ogre simulacra (D:13)
  3 scorpions
  A water moccasin zombie (D:4)
  5 wights (D:9)
  2 howler monkeys (D:10)
  A lava snake (D:14)
  A bullfrog zombie (D:6)
  3 centaur zombies
  2 jellies
  3 gnoll shamans
  19 orc priests
  Crazy Yiuf (D:2)
  A centaur skeleton (D:4)
  A hound (D:5)
  Natasha (twice) (D:4)
  2 bullfrog skeletons (D:6)
  Ijyb (D:4)
  Terence (D:3)
  3 iguanas
  34 orc wizards
  A polar bear simulacrum (D:13)
  A killer bee zombie (D:7)
  A wolf simulacrum (D:13)
  A hound skeleton (D:5)
  A howler monkey zombie (D:8)
  A howler monkey skeleton (D:7)
  16 gnolls
  2 naga simulacra (D:13)
  7 adders
  An adder (shapeshifter) (D:15)
  A white imp (D:8)
  An adder skeleton (D:4)
  3 worms
  4 dart slugs
  80 orcs
  9 bats
  3 endoplasms
  3 giant cockroaches
  4 hobgoblins
  17 kobolds
  3 quokkas
  5 ball pythons
  2 frilled lizards (D:1)
  8 goblins
  4 rats
603 creatures vanquished.

Vanquished Creatures (others)
  A vault guard (D:14)
  A meliai (D:14)
  An orc wizard (Orc:2)
  Natasha (D:4)
  6 orcs (Orc:2)
  An endoplasm (D:4)
  11 fungi
  12 plants
34 creatures vanquished.

Grand Total: 637 creatures vanquished

Notes
Turn   | Place    | Note
-------+----------+-------------------------------------------
     0 | D:1      | rogsnak the Gnoll Hedge Wizard began the quest for the Orb.
     0 | D:1      | Reached XP level 1. HP: 13/13 MP: 8/8
   569 | D:1      | Reached XP level 2. HP: 19/19 MP: 6/10
   973 | D:1      | Reached XP level 3. HP: 25/25 MP: 2/11
   976 | D:1      | Learned a level 2 spell: Blink
   980 | D:1      | Learned a level 3 spell: Mephitic Cloud
  1717 | D:2      | Reached skill level 1 in Invocations
  1995 | D:2      | Found a faded altar of an unknown god.
  1995 | D:2      | Noticed a shadow demon
  2253 | D:2      | Found a runed translucent door.
  2254 | D:2      | Noticed Crazy Yiuf
  2370 | D:2      | Killed Crazy Yiuf
  2371 | D:2      | Reached skill level 1 in Fighting
  2371 | D:2      | Reached skill level 1 in Short Blades
  2371 | D:2      | Reached skill level 1 in Long Blades
  2371 | D:2      | Reached skill level 1 in Axes
  2371 | D:2      | Reached skill level 1 in Maces & Flails
  2371 | D:2      | Reached skill level 1 in Polearms
  2371 | D:2      | Reached skill level 1 in Staves
  2371 | D:2      | Reached skill level 1 in Slings
  2371 | D:2      | Reached skill level 1 in Bows
  2371 | D:2      | Reached skill level 1 in Crossbows
  2371 | D:2      | Reached skill level 1 in Throwing
  2371 | D:2      | Reached skill level 1 in Armour
  2371 | D:2      | Reached skill level 1 in Shields
  2371 | D:2      | Reached skill level 1 in Unarmed Combat
  2371 | D:2      | Reached skill level 1 in Evocations
  2371 | D:2      | Reached XP level 4. HP: 23/32 MP: 4/13
  2524 | D:3      | Reached skill level 1 in Hexes
  2524 | D:3      | Reached skill level 1 in Necromancy
  2524 | D:3      | Reached skill level 1 in Transmutations
  2524 | D:3      | Reached skill level 1 in Fire Magic
  2524 | D:3      | Reached skill level 1 in Ice Magic
  2524 | D:3      | Reached skill level 1 in Air Magic
  2524 | D:3      | Reached skill level 1 in Earth Magic
  2524 | D:3      | Reached skill level 1 in Poison Magic
  3009 | D:3      | Noticed Terence
  3051 | D:3      | Killed Terence
  3052 | D:3      | Reached XP level 5. HP: 15/37 MP: 9/14
  3369 | D:4      | Noticed Grinder
  3386 | D:4      | Killed Grinder
  3387 | D:4      | Reached skill level 5 in Dodging
  3387 | D:4      | Reached XP level 6. HP: 22/44 MP: 14/16
  3748 | D:4      | Noticed Natasha
  3854 | D:4      | Noticed a necrophage
  3859 | D:4      | Killed Natasha
  3950 | D:4      | Noticed Natasha
  3957 | D:4      | Killed Natasha
  3972 | D:4      | Reached XP level 7. HP: 50/50 MP: 9/18
  4090 | D:4      | Found a stormy altar of Qazlal.
  4156 | D:4      | Killed Natasha
  4284 | D:4      | Learned a level 3 spell: Stone Arrow
  4499 | D:4      | Reached skill level 5 in Stealth
  4616 | D:4      | Noticed Ijyb
  4629 | D:4      | Killed Ijyb
  4648 | D:4      | Identified the +0 helmet of Wepud {Dex+4}
  4828 | D:4      | Found a glowing silver altar of Zin.
  4839 | D:4      | Found a radiant altar of Vehumet.
  4936 | D:5      | Entered Level 5 of the Dungeon
  4943 | D:5      | Reached XP level 8. HP: 42/57 MP: 1/19
  5428 | D:5      | Found a staircase to the Ecumenical Temple.
  5437 | Temple   | Entered the Ecumenical Temple
  5633 | D:5      | Found a blossoming altar of Fedhas.
  5820 | D:5      | Reached skill level 8 in Spellcasting
  6705 | D:6      | Found Posoarch's Jewellery Shop.
  6977 | D:6      | Reached XP level 9. HP: 46/65 MP: 19/21
  7239 | D:6      | Found Votriptaxu's Book Shop.
  7256 | D:6      | Noticed a two-headed ogre
  7818 | D:6      | Found an iron altar of Okawaru.
  7840 | D:6      | Became a worshipper of Warmaster Okawaru
  8145 | D:6      | Found Looxaifa's Antique Armour Emporium.
  8322 | D:6      | Killed a two-headed ogre
  8322 | D:6      | Reached * piety under Okawaru
  8323 | D:6      | Reached skill level 5 in Invocations
  9065 | D:7      | Reached XP level 10. HP: 73/73 MP: 22/22
  9159 | D:8      | Reached skill level 5 in Fighting
  9159 | D:8      | Reached skill level 5 in Short Blades
  9159 | D:8      | Reached skill level 5 in Long Blades
  9159 | D:8      | Reached skill level 5 in Axes
  9159 | D:8      | Reached skill level 5 in Maces & Flails
  9159 | D:8      | Reached skill level 5 in Polearms
  9159 | D:8      | Reached skill level 5 in Staves
  9159 | D:8      | Reached skill level 5 in Slings
  9159 | D:8      | Reached skill level 5 in Bows
  9159 | D:8      | Reached skill level 5 in Crossbows
  9159 | D:8      | Reached skill level 5 in Throwing
  9159 | D:8      | Reached skill level 5 in Armour
  9159 | D:8      | Reached skill level 5 in Shields
  9159 | D:8      | Reached skill level 5 in Unarmed Combat
  9159 | D:8      | Reached skill level 5 in Evocations
  9167 | D:8      | Reached ** piety under Okawaru
  9303 | D:8      | Paralysed by a hornet for 2 turns
  9577 | D:8      | Found a broken altar of Ashenzari.
  9633 | D:8      | Reached skill level 9 in Spellcasting
 10132 | D:8      | Reached *** piety under Okawaru
 10136 | D:8      | Reached skill level 5 in Conjurations
 10136 | D:8      | Reached skill level 5 in Summonings
 10136 | D:8      | Reached skill level 5 in Translocations
 10825 | D:9      | Found a staircase to the Orcish Mines.
 10993 | D:9      | Reached **** piety under Okawaru
 11039 | D:9      | Learned a level 4 spell: Airstrike
 11211 | D:9      | Reached XP level 11. HP: 81/81 MP: 16/24
 11479 | D:9      | Found a staircase to the Lair.
 11481 | D:9      | Reached ***** piety under Okawaru
 11506 | D:9      | Found an ornate altar of the Wu Jian Council.
 11558 | D:9      | Reached skill level 5 in Hexes
 11558 | D:9      | Reached skill level 5 in Necromancy
 11558 | D:9      | Reached skill level 5 in Transmutations
 11558 | D:9      | Reached skill level 5 in Fire Magic
 11558 | D:9      | Reached skill level 5 in Ice Magic
 11558 | D:9      | Reached skill level 5 in Air Magic
 11558 | D:9      | Reached skill level 5 in Earth Magic
 11558 | D:9      | Reached skill level 5 in Poison Magic
 11801 | D:9      | Found a hazy altar of Hepliaklqana.
 11820 | D:9      | Identified the +5 long sword "Lidd" {spect, Contam Int+3
                  | Stlth+}
 11890 | D:9      | Received a gift from Okawaru
 12124 | D:10     | Entered Level 10 of the Dungeon
 12128 | D:10     | Noticed Maurice
 12136 | D:10     | Killed Maurice
 12224 | D:10     | Upgraded the game from 0.28-a0-643-g84cb2ea78e to
                  | 0.28-a0-653-g7e9dba17c3
 12263 | D:10     | Noticed a two-headed ogre
 12267 | D:10     | Noticed Urug
 12781 | D:10     | Killed a two-headed ogre
 12881 | D:10     | Noticed Erica
 12890 | D:10     | Killed Erica
 13008 | D:10     | Received a gift from Okawaru
 13089 | D:10     | Found a bloodstained altar of Trog.
 13128 | D:10     | Noticed Joseph
 13154 | D:10     | Killed Urug
 13260 | D:10     | Killed Joseph
 13549 | D:11     | Noticed a two-headed ogre
 13720 | D:11     | Killed a two-headed ogre
 13816 | D:11     | Reached ****** piety under Okawaru
 14244 | D:11     | Reached skill level 10 in Spellcasting
 14244 | D:11     | Reached XP level 12. HP: 87/89 MP: 17/26
 15206 | D:12     | Noticed a five-headed hydra
 15338 | D:12     | Noticed an ettin
 15585 | D:12     | Noticed a yaktaur captain
 15591 | D:12     | Killed a yaktaur captain
 15743 | D:12     | Received a gift from Okawaru
 16290 | D:12     | Killed a five-headed hydra
 16290 | D:12     | Received a gift from Okawaru
 16397 | D:12     | Killed an ettin
 16545 | D:13     | Received a gift from Okawaru
 16744 | D:13     | Noticed a centaur warrior
 16745 | D:13     | Noticed a centaur warrior
 16752 | D:13     | Killed a centaur warrior
 16760 | D:13     | Killed a centaur warrior
 16884 | D:13     | Found a frozen archway.
 17069 | IceCv    | Entered an ice cave
 17089 | IceCv    | Received a gift from Okawaru
 17099 | IceCv    | Reached XP level 13. HP: 98/98 MP: 17/27
 17196 | IceCv    | Received a gift from Okawaru
 17404 | IceCv    | Received a gift from Okawaru
 17837 | IceCv    | Received a gift from Okawaru
 18467 | IceCv    | Reached skill level 11 in Spellcasting
 18556 | IceCv    | Noticed a frost giant
 18728 | IceCv    | Identified the +7 shortbow of Dust {freeze, Will++ Stlth-}
                  | (Okawaru gifted it to you in an ice cave)
 18728 | IceCv    | Received a gift from Okawaru
 18807 | IceCv    | Killed a frost giant
 19073 | D:13     | Upgraded the game from 0.28-a0-653-g7e9dba17c3 to
                  | 0.28-a0-655-g4eb62b627b
 20561 | D:14     | Received a gift from Okawaru
 20627 | D:14     | Got the Tome of Cankerous Transmigration
 21012 | D:13     | Reached skill level 10 in Dodging
 21012 | D:13     | Reached XP level 14. HP: 104/106 MP: 22/29
 21056 | D:13     | Identified the -3 pair of gloves of Compression {Dex+3}
                  | (Okawaru gifted it to you on level 13 of the Dungeon)
 21056 | D:13     | Received a gift from Okawaru
 21561 | D:14     | Learned a level 5 spell: Freezing Cloud
 21636 | D:14     | Found a shadowy altar of Dithmenos.
 21752 | D:14     | Reached skill level 10 in Stealth
 22268 | D:14     | Got the Compendium of the Virous Glacier
 22571 | D:13     | Reached skill level 10 in Invocations
 22828 | D:14     | Found a gate to the Vaults.
 22900 | D:15     | Entered Level 15 of the Dungeon
 22968 | D:15     | Noticed Kirke
 22975 | D:15     | Killed Kirke
 22975 | D:15     | Received a gift from Okawaru
 23255 | D:15     | Found Lidextiy's Weapon Emporium.
 23681 | D:15     | Found Gerow's Distillery.
 23812 | D:15     | Found Kavvuef's Book Shop.
 23813 | D:15     | Found a transporter.
 23822 | D:15     | Noticed Piusagh's ghost (novice FoAK)
 23825 | D:15     | Found a portal to a secret trove of treasure.
 23825 | D:15     | Identified the +8 great mace of Eternity {freeze, Will+
                  | Str+3 Int+3}
 23825 | D:15     | Noticed a frost giant
 23826 | D:15     | Noticed a fire giant
 23964 | D:15     | Found a transporter.
 24226 | D:15     | Bought a potion of heal wounds for 100 gold pieces
 24556 | D:15     | Found Jiekhong's Weapon Emporium.
 24597 | D:15     | Found a staircase to the Depths.
 25334 | D:15     | Received a gift from Okawaru
 25986 | D:15     | Reached skill level 12 in Spellcasting
 26243 | D:15     | Found the +12 glaive of Prune {vorpal}
 26459 | Orc:1    | Entered Level 1 of the Orcish Mines
 26500 | Orc:2    | Entered Level 2 of the Orcish Mines
 26508 | Orc:2    | Reached XP level 15. HP: 115/115 MP: 25/31
 27201 | Orc:2    | Received a gift from Okawaru
 27223 | Orc:2    | Found a staircase to the Elven Halls.
 27668 | Lair:1   | Entered Level 1 of the Lair of Beasts
 27721 | Lair:1   | Noticed Sonja
 27730 | Lair:1   | Killed Sonja
 27780 | Lair:1   | Noticed Nergalle
 27782 | Lair:1   | Killed Nergalle
 27846 | Lair:1   | Found a dark tunnel.
 27853 | Lair:1   | Reached skill level 10 in Fighting
 27853 | Lair:1   | Reached skill level 10 in Short Blades
 27853 | Lair:1   | Reached skill level 10 in Long Blades
 27853 | Lair:1   | Reached skill level 10 in Axes
 27853 | Lair:1   | Reached skill level 10 in Maces & Flails
 27853 | Lair:1   | Reached skill level 10 in Polearms
 27853 | Lair:1   | Reached skill level 10 in Staves
 27853 | Lair:1   | Reached skill level 10 in Slings
 27853 | Lair:1   | Reached skill level 10 in Bows
 27853 | Lair:1   | Reached skill level 10 in Crossbows
 27853 | Lair:1   | Reached skill level 10 in Throwing
 27853 | Lair:1   | Reached skill level 10 in Armour
 27853 | Lair:1   | Reached skill level 10 in Shields
 27853 | Lair:1   | Reached skill level 10 in Unarmed Combat
 27853 | Lair:1   | Reached skill level 10 in Evocations
 27921 | Volcano  | Entered a volcano
 28675 | Volcano  | Noticed an orb of fire
 28855 | Volcano  | Noticed an orb of fire
 28962 | Lair:1   | Noticed Gastronok
 29382 | Lair:1   | Killed Gastronok
 29709 | Lair:1   | Found a radiant altar of Vehumet.
 30060 | Lair:2   | Received a gift from Okawaru
 30060 | Lair:2   | Found the +27 Lear's hauberk
 30138 | Lair:2   | Noticed Harold
 30153 | Lair:2   | Killed Harold
 30154 | Lair:2   | Found a gate leading to a gauntlet.
 30207 | Gauntlet | Entered a Gauntlet
 30207 | Gauntlet | Found a transporter.
 30212 | Gauntlet | Found a transporter.
 30215 | Gauntlet | Found a transporter.
 30220 | Gauntlet | Found a transporter.
 30223 | Gauntlet | Found a transporter.
 30227 | Gauntlet | Found a transporter.
 30232 | Gauntlet | Found a transporter.
 30237 | Gauntlet | Found a transporter.
 30241 | Gauntlet | Found a transporter.
 30246 | Gauntlet | Found a transporter.
 30251 | Gauntlet | Found a transporter.
 30256 | Gauntlet | Found a transporter.
 30260 | Gauntlet | Found a transporter.
 30263 | Gauntlet | Found a transporter.
 30549 | Gauntlet | Succumbed to a redback's poison

Illustrated notes

Levels and vault maps discovered:
D:1:      dpeg_arrival_connections, layout_rooms
D:2:      layout_loops_corners, dreamdust_ecumenical_altar_sealed_demon,
          nrook_loot_triangle, uniq_crazy_yiuf_cottage
D:3:      layout_rooms, kennysheep_generic_room_2, uniq_terence
D:4:      layout_basic, grunt_qazlal_clouds,
          mainiacjoe_overflow_large_starburst, uniq_grinder, uniq_natasha,
          uniq_ijyb
D:5:      layout_basic, mainiacjoe_overflow_concentric_impassable,
          minmay_temple_entry_stoned_glass
D:6:      cheibrodos_helix_gallery, layout_basic, okawaru_trees_2, serial_shops,
          shop, nicolae_shop_statue_plus, shop
D:7:      layout_layer_cave
D:8:      minmay_flawed_box, layout_rooms, mainiacjoe_overflow_chevrons
D:9:      layout_roguey [special_room_orc], worldfamousw_hep_ancestral_shrine,
          pdpol_wu_jian_five_deadly_venoms, grunt_lair_entry_orc_guard_hut,
          orc_0_dummy, hangedman_abyss_or_decor_clamps
D:10:     layout_gridville, mainiacjoe_overflow_alcove_1, uniq_maurice,
          uniq_urug, uniq_joseph, uniq_erica
D:11:     layout_gridville
D:12:     minmay_outward_triangles, layout_rooms
D:13:     layout_roguey, portal_ice_cave_entry_ice_simulacra
D:14:     layout_basic, ximxim_vaults_locker_room, grunt_dithmenos_shadows,
          kennysheep_island_fort
D:15:     hangedman_depths_entry_try_elsewhere_first, layout_cave_pools,
          serial_shops, nicolae_shop_trees, nicolae_shop_window_shopping,
          nicolae_square_shop, shop, gammafunk_ghost_smash, enter_trove_1,
          roderic_lattice_a, minmay_guarded_unrand_prune, uniq_kirke
Temple:   nicolae_temple_god_jail
Lair:1:   layout_loops_ring, basic_altar, nicolae_volcano_entry_vermiform,
          columned_hall_lemuel, uniq_nergalle, uniq_sonja, uniq_gastronok
Lair:2:   layout_chaotic_city, shoals_dummy_entry, gauntlet_entry_generic,
          minmay_lair_oklob_items, uniq_harold
Orc:1:    layout_caves
Orc:2:    grunt_orc_tribal_feast, layout_caves, hangedman_minor_magic
Gauntlet: gammafunk_gauntlet_77_escape_option
          [minmay_gauntlet_arena_77_checkered, minmay_gauntlet_arena_77_braids,
          minmay_gauntlet_arena_77_hold_the_fort,
          minmay_gauntlet_arena_77_p_blocks, minmay_gauntlet_arena_77_two_lines,
          gauntlet_exit_green]

Skill      XL: |  1  2  3  4  5  6  7  8  9 10 11 12 13 14 15 |
---------------+----------------------------------------------+-----
Conjurations   | 2 3 4 5 6 7 8 |  8.9
Summonings     | 2 3 4 5 6 7 8 |  8.9
Translocations | 2 3 4 5 6 7 8 |  8.9
Invocations    | 1 2 3 4 5 6 7 8 9 10 11 | 11.2
Fighting       | 1 2 3 4 5 6 7 8 9 10 | 10.3
Short Blades   | 1 2 3 4 5 6 7 8 9 10 | 10.3
Long Blades    | 1 2 3 4 5 6 7 8 9 10 | 10.3
Axes           | 1 2 3 4 5 6 7 8 9 10 | 10.3
Maces & Flails | 1 2 3 4 5 6 7 8 9 10 | 10.3
Polearms       | 1 2 3 4 5 6 7 8 9 10 | 10.3
Staves         | 1 2 3 4 5 6 7 8 9 10 | 10.3
Slings         | 1 2 3 4 5 6 7 8 9 10 | 10.3
Bows           | 1 2 3 4 5 6 7 8 9 10 | 10.3
Crossbows      | 1 2 3 4 5 6 7 8 9 10 | 10.3
Throwing       | 1 2 3 4 5 6 7 8 9 10 | 10.3
Armour         | 1 2 3 4 5 6 7 8 9 10 | 10.3
Shields        | 1 2 3 4 5 6 7 8 9 10 | 10.3
Unarmed Combat | 1 2 3 4 5 6 7 8 9 10 | 10.3
Evocations     | 1 2 3 4 5 6 7 8 9 10 | 10.3
Hexes          | 1 2 3 4 5 6 7 8 |  8.6
Necromancy     | 1 2 3 4 5 6 7 8 |  8.6
Transmutations | 1 2 3 4 5 6 7 8 |  8.6
Fire Magic     | 1 2 3 4 5 6 7 8 |  8.6
Ice Magic      | 1 2 3 4 5 6 7 8 |  8.6
Air Magic      | 1 2 3 4 5 6 7 8 |  8.6
Earth Magic    | 1 2 3 4 5 6 7 8 |  8.6
Poison Magic   | 1 2 3 4 5 6 7 8 |  8.6
Dodging        | 5 6 7 8 9 10 11 | 11.2
Stealth        | 5 6 7 8 9 10 11 | 11.1
Spellcasting   | 8 9 10 11 12 | 12.4

Action                   |  1- 3 |  4- 6 |  7- 9 | 10-12 | 13-15 || total
-------------------------+-------+-------+-------+-------+-------++-------
Melee: Dagger            |     7 |       |   127 |   238 |       ||   372
       Rapier            |    14 |       |       |       |       ||    14
       Bite              |     3 |     4 |    26 |    63 |    72 ||   168
       Quarterstaff      |       |    26 |     9 |       |       ||    35
       Whip              |       |    13 |    52 |       |       ||    65
       Punch             |       |       |     4 |     8 |       ||    12
       Mace              |       |       |     2 |    37 |       ||    39
       Short sword       |       |       |       |    66 |   329 ||   395
       Trident           |       |       |       |    30 |       ||    30
       Scimitar          |       |       |       |    21 |    13 ||    34
       Hand axe          |       |       |       |       |    71 ||    71
       Glaive            |       |       |       |       |   312 ||   312
 Fire: Hand crossbow     |       |       |       |       |    10 ||    10
Throw: Boomerang         |       |       |       |     6 |       ||     6
 Cast: Magic Dart        |    87 |    76 |    97 |    27 |    18 ||   305
       Mephitic Cloud    |     2 |     6 |    26 |    66 |   121 ||   221
       Blink             |       |     1 |     3 |     3 |    25 ||    32
       Stone Arrow       |       |       |    59 |   161 |   224 ||   444
       Airstrike         |       |       |       |    32 |    84 ||   116
       Freezing Cloud    |       |       |       |       |     8 ||     8
Evoke: Wand              |       |       |       |    11 |     2 ||    13
  Use: Scroll            |       |       |       |     1 |    25 ||    26
       Potion            |       |       |       |       |     2 ||     2
 Stab: Sleeping          |     3 |       |     3 |     9 |    11 ||    26
       Confused          |       |       |     8 |    36 |    67 ||   111
       Paralysed         |       |       |       |     6 |       ||     6
       Distracted        |       |       |       |       |     4 ||     4
Armor: Robe              |     8 |     9 |    38 |    42 |       ||    97
       Leather armour    |       |       |       |    29 |     1 ||    30
       Troll leather arm |       |       |       |    32 |   200 ||   232
Dodge: Dodged            |    22 |    17 |   110 |   244 |   585 ||   978
Block: Buckler           |       |       |       |    34 |   101 ||   135

Table legend: (Time is in decaauts)
 A = Elapsed time spent in this place.
 B = Non-inter-level travel time spent in this place.
 C = Inter-level travel time spent in this place.
 D = Time resting spent in this place.
 E = Time spent auto-exploring this place.
 F = Levels seen in this place.
 G = Mean time per level.
                   A        B        C        D        E       F      G
               +--------+--------+--------+--------+--------+-----+--------+
         Total |  30467 |  29639 |    828 |  11014 |   7621 |  23 | 1324.7 |
       Dungeon |  24311 |  23519 |    792 |   8528 |   6770 |  15 | 1620.7 |
        Temple |     58 |     58 |      0 |      0 |      0 |   1 |   58.0 |
          Lair |   1553 |   1521 |     32 |    256 |    588 |   2 |  776.5 |
  Orcish Mines |   1214 |   1211 |      3 |    464 |    123 |   2 |  607.0 |
      Ice Cave |   1936 |   1936 |      0 |    974 |    116 |   1 | 1936.0 |
       Volcano |   1045 |   1045 |      0 |    640 |     23 |   1 | 1045.0 |
      Gauntlet |    346 |    346 |      0 |    152 |      0 |   1 |  346.0 |
               +--------+--------+--------+--------+--------+-----+--------+

Top non-repeatable levels by time:
    D:13: 2720 daAuts
    D:14: 2481 daAuts
    D:15: 2177 daAuts
     D:5: 1962 daAuts
   IceCv: 1936 daAuts
    D:12: 1685 daAuts
     D:6: 1635 daAuts
     D:9: 1577 daAuts
     D:4: 1576 daAuts
    D:10: 1531 daAuts
    D:11: 1354 daAuts
     D:1: 1239 daAuts
  Lair:1: 1233 daAuts
     D:8: 1228 daAuts
     D:2: 1187 daAuts
